 Dungeon Crawl Stone Soup version 0.29.1-15-g9cfb28693d (webtiles) character file.

Game seed: 2932318059875130067

192 jtron the Insei (level 5, -1/41 HPs)
             Began as a Gnoll Wanderer on Mar 21, 2023.
             Slain by a gnoll bouda
             ... wielding a +0 whip
              (7 damage)
             ... on level 5 of the Dungeon.
             The game lasted 00:06:03 (3596 turns).

jtron the Insei (Gnoll Wanderer)                    Turns: 3596, Time: 00:06:03

Health: -1/41      AC:  3    Str:  8    XL:     5   Next: 71%
Magic:  9/9        EV: 16    Int: 10    God:
Gold:   145        SH:  0    Dex: 18    Spells: 9/10 levels left

rFire   . . .      SeeInvis +     - Unarmed
rCold   . . .      Faith    .   (no shield)
rNeg    . . .      Spirit   .   e - +0 robe
rPois   .          Reflect  .   c - +0 helmet
rElec   .          Harm     .   (no cloak)
rCorr   .          Rampage  .   (no gloves)
Will    .....                   (no boots)
Stlth   ++........              (no amulet)
HPRegen 0.13/turn               g - ring of see invisible
MPRegen 0.11/turn               (no ring)

@: no status effects
A: fangs 1, strong nose, distributed training
a: no special abilities


You were on level 5 of the Dungeon.
You visited 1 branch of the dungeon, and saw 5 of its levels.

You collected 145 gold pieces.

Inventory:

Hand Weapons
 z - a +0 dagger
Missiles
 a - 25 stones
Armour
 c - a +0 helmet (worn)
 e - a +0 robe (worn)
 k - the +0 robe of Recklessness {Fly rF+ Int-3}
   (You found it on level 2 of the Dungeon)

   Int:       It affects your intelligence (-3).
   rF:        It protects you from fire.
   Fly:       It grants you flight.
Jewellery
 g - a ring of see invisible (left hand)
Wands
 f - a wand of flame (9)
 l - a wand of charming (5)
 p - a wand of iceblast (14)
Scrolls
 b - a scroll of blinking
 m - a scroll of enchant weapon {unknown}
 n - a scroll of summoning {unknown}
 q - a scroll of fog {unknown}
Potions
 h - 2 potions of heal wounds
 i - 2 potions of berserk rage
 j - a potion of magic
 o - a potion of degeneration {unknown}
 s - 2 potions of lignification {unknown}


   Skills:
 + Level 3.1 Fighting
 + Level 1.6 Short Blades
 + Level 1.6 Long Blades
 + Level 1.6 Axes
 + Level 1.6 Maces & Flails
 + Level 1.6 Polearms
 + Level 1.6 Staves
 + Level 1.6 Ranged Weapons
 + Level 1.6 Throwing
 + Level 3.1 Armour
 + Level 6.7 Dodging
 + Level 1.6 Stealth
 + Level 1.6 Shields
 + Level 6.7 Unarmed Combat
 + Level 3.2 Spellcasting
 + Level 1.3 Conjurations
 + Level 1.3 Hexes
 + Level 1.3 Summonings
 + Level 1.3 Necromancy
 + Level 1.3 Translocations
 + Level 1.3 Transmutations
 + Level 1.3 Fire Magic
 + Level 1.3 Ice Magic
 + Level 1.3 Air Magic
 + Level 2.5 Earth Magic
 + Level 1.3 Poison Magic
 + Level 1.9 Invocations
 + Level 1.6 Evocations


You had 9 spell levels left.
You knew the following spells:

 Your Spells              Type           Power      Damage    Failure   Level
a - Sandblast             Erth           12%        2d6       10%         1

Your spell library contained the following spells:

 Spells                   Type           Power      Damage    Failure   Level
 Stone Arrow              Conj/Erth      10%        3d7       36%         3


Dungeon Overview and Level Annotations

Branches:
Dungeon (6/15)
 Temple: D:4-7

Altars:
Kikubaaqudgha
Trog
Xom

Shops:
D:1 =

Annotations:
D:3 Sigmund


Innate Abilities, Weirdness & Mutations

You have very sharp teeth.
Your uncanny sense of smell can sniff out nearby items.
Your experience applies equally to all skills.


Message History

The dart slug launches a dart at you. The slug dart hits you.
A hound comes into view.
Your attacks no longer feel as feeble.
The gnoll closely misses you. The gnoll attacks as you move away!
The gnoll barely misses you.
The gnoll bouda gazes fiercely through you!
You feel your attacks grow feeble.
The hound barks!
The gnoll closely misses you. The gnoll attacks as you move away!
The gnoll completely misses you.
The gnoll hits you from afar with a +0 halberd.
The gnoll completely misses you.
The gnoll hits you from afar with a +0 spear.
The gnoll bouda attacks as you move away!
The gnoll bouda barely misses you.
The gnoll bouda attacks as you move away!
The gnoll bouda hits you with a +0 whip.
The gnoll hits you from afar with a +0 halberd!
The hound attacks as you move away! The hound bites you but does no damage.
The hound closely misses you.
As you read the scroll labelled OZONGUO YJIME, it crumbles to dust.
It is a scroll of amnesia.
Really abort (and waste the scroll)?
Okay, then.
Your attacks no longer feel as feeble.
The gnoll is no longer moving quickly.
The hound bites you but does no damage.
The gnoll hits you from afar with a +0 spear.
The gnoll bouda barks out a call to the hunt!
The gnoll picks up the pace!
The hound attacks as you move away! The hound barely misses you.
The gnoll bouda attacks as you move away!
The gnoll bouda hits you with a +0 whip!
* * * LOW HITPOINT WARNING * * *
The hound closely misses you. The gnoll barely misses you.
The gnoll completely misses you. The hound attacks as you move away!
The hound closely misses you.
The gnoll bouda attacks as you move away!
The gnoll bouda hits you with a +0 whip!
You die...

#.#...#...##.#.##.#o#.#.
#.#.#####....,.##.#.#.#.
#..................,...^
#............#.*#.#*#.#,
#...#######..#,*#.# #.#.
###...######*....*#.###.#.
#..........##..#.##.......
#.##.......##......w###.##
#.##.####@.##...###.# #.#
##.##....#hg##...# #.# #.#
#......_.#gg##..##*#.# #.##
#..##....#.g......##.# #.#.
#..##.....J.....#.##.# #.#.
#..#.........####.##.# #.#.
#..#.........# #.##.# #...
#..#........w####.##.# ##..
*#.................ww.###...


You could see a gnoll bouda, a hound, a jelly, 3 gnolls and a dart slug.

Vanquished Creatures
  A jelly (D:5)
  Terence (D:2)
  An iguana (D:5)
  A white imp (D:5)
  2 worms
  5 dart slugs
  5 orcs (D:5)
  4 endoplasms
  4 giant cockroaches
  9 goblins
  7 hobgoblins
  10 jackals (D:1)
  3 kobolds (D:2)
  2 quokkas
  9 ball pythons
  6 bats
  4 frilled lizards
  6 rats
80 creatures vanquished.

Notes
Turn   | Place    | Note
-------+----------+-------------------------------------------
     0 | D:1      | jtron the Gnoll Wanderer began the quest for the Orb.
     0 | D:1      | jtron set off with the following items: a +0 dagger, a
                  | scroll of blinking, a +0 helmet, a potion of curing, a +0
                  | robe, a potion of haste; and the following spell memorised:
                  | Sandblast; and the following spells available to memorise:
                  | Stone Arrow.
     0 | D:1      | Reached XP level 1. HP: 17/17 MP: 4/4
    37 | D:1      | Reached XP level 2. HP: 18/23 MP: 5/5
   370 | D:1      | Found Dausaor's Jewellery Emporium.
   375 | D:1      | Reached XP level 3. HP: 27/28 MP: 7/7
   596 | D:1      | Found a faded altar of an unknown god.
   656 | D:1      | Reached skill level 1 in Invocations
  1519 | D:2      | Identified the +0 robe of Recklessness {Fly rF+ Int-3}
  1524 | D:2      | Reached skill level 1 in Short Blades
  1524 | D:2      | Reached skill level 1 in Long Blades
  1524 | D:2      | Reached skill level 1 in Axes
  1524 | D:2      | Reached skill level 1 in Maces & Flails
  1524 | D:2      | Reached skill level 1 in Polearms
  1524 | D:2      | Reached skill level 1 in Staves
  1524 | D:2      | Reached skill level 1 in Ranged Weapons
  1524 | D:2      | Reached skill level 1 in Throwing
  1524 | D:2      | Reached skill level 1 in Stealth
  1524 | D:2      | Reached skill level 1 in Shields
  1524 | D:2      | Reached skill level 1 in Evocations
  1661 | D:2      | Found a bloodstained altar of Trog.
  1728 | D:2      | Reached XP level 4. HP: 34/34 MP: 6/8
  1933 | D:2      | Noticed Terence
  1954 | D:2      | Killed Terence
  1955 | D:2      | Reached skill level 1 in Conjurations
  1955 | D:2      | Reached skill level 1 in Hexes
  1955 | D:2      | Reached skill level 1 in Summonings
  1955 | D:2      | Reached skill level 1 in Necromancy
  1955 | D:2      | Reached skill level 1 in Translocations
  1955 | D:2      | Reached skill level 1 in Transmutations
  1955 | D:2      | Reached skill level 1 in Fire Magic
  1955 | D:2      | Reached skill level 1 in Ice Magic
  1955 | D:2      | Reached skill level 1 in Air Magic
  1955 | D:2      | Reached skill level 1 in Poison Magic
  2726 | D:3      | Noticed Sigmund
  2727 | D:3      | You fall into a shaft and drop 3 floors!
  2729 | D:6      | Found an ancient bone altar of Kikubaaqudgha.
  2734 | D:5      | Entered Level 5 of the Dungeon
  2753 | D:5      | Found a shimmering altar of Xom.
  2881 | D:5      | Reached XP level 5. HP: 40/40 MP: 9/9
  3596 | D:5      | Slain by a gnoll bouda

Illustrated notes

Levels and vault maps discovered:
D:1:      dpeg_arrival_rhombus, layout_basic, serial_shops, shop,
          basic_ecumenical_altar
D:2:      layout_loops_ring, basic_altar, kennysheep_generic_room_16,
          uniq_terence
D:3:      layout_basic, serial_glass, glass_columns_b, glass_columns_c,
          st_stairs_3, uniq_sigmund
D:5:      kennysheep_slugbush, layout_loops_ring, mainiacjoe_overflow_chevrons
D:6:      layout_gridville, nicolae_overflow_hidden_temple

Skill      XL: |  1  2  3  4  5 |
---------------+----------------+-----
Earth Magic    | 2 |  2.5
Invocations    | 1 |  1.9
Short Blades   | 1 |  1.6
Long Blades    | 1 |  1.6
Axes           | 1 |  1.6
Maces & Flails | 1 |  1.6
Polearms       | 1 |  1.6
Staves         | 1 |  1.6
Ranged Weapons | 1 |  1.6
Throwing       | 1 |  1.6
Stealth        | 1 |  1.6
Shields        | 1 |  1.6
Evocations     | 1 |  1.6
Spellcasting   | 3 |  3.2
Conjurations   | 1 |  1.3
Hexes          | 1 |  1.3
Summonings     | 1 |  1.3
Necromancy     | 1 |  1.3
Translocations | 1 |  1.3
Transmutations | 1 |  1.3
Fire Magic     | 1 |  1.3
Ice Magic      | 1 |  1.3
Air Magic      | 1 |  1.3
Poison Magic   | 1 |  1.3
Fighting       | 3 |  3.1
Armour         | 3 |  3.1
Dodging        | |  6.7
Unarmed Combat | |  6.7

Action                   |  1- 3 |  4- 6 || total
-------------------------+-------+-------++-------
Melee: Unarmed           |   142 |    96 ||   238
       Punch             |     7 |     3 ||    10
       Bite              |     9 |    14 ||    23
 Cast: Sandblast         |     9 |    22 ||    31
  Use: Potion            |     1 |     2 ||     3
       Scroll            |       |     4 ||     4
 Stab: Sleeping          |     2 |     3 ||     5
Armor: Robe              |    34 |     7 ||    41
Dodge: Dodged            |   143 |    81 ||   224
